 Dungeon Crawl Stone Soup version 0.28.0-43-g3370ac3207 (webtiles) character file.

Game seed: 11796878503882124948

25 tizbic2 the Grave Robber (level 2, -7/20 HPs)
             Began as a Mummy Necromancer on Mar 13, 2022.
             Killed from afar by Robin (12 damage)
             ... with a puff of flame
             ... on level 1 of the Dungeon.
             The game lasted 00:03:51 (972 turns).

tizbic2 the Grave Robber (Mummy Necromancer)         Turns: 972, Time: 00:03:55

Health: -7/20      AC:  4    Str: 11    XL:     2   Next: 86%
Magic:  6/6        EV: 15    Int: 14    God:
Gold:   55         SH:  0    Dex: 12    Spells: 6/7 levels left

rFire   x . .      SeeInvis .   b - +0 war axe
rCold   + . .      Faith    .   (no shield)
rNeg    + + +      Spirit   .   g - +0 leather armour
rPois   ∞          Reflect  .   j - +0 helmet
rElec   .          Harm     .   (no cloak)
rCorr   .          Rampage  .   (no gloves)
Will    .....                   (no boots)
Stlth   +.........              (no amulet)
HPRegen 0.06/turn               a - +4 ring of evasion
MPRegen 0.10/turn               (no ring)

@: no status effects
A: cold resistance 1, negative energy resistance 3, torment resistance 2, heat
vulnerability 1, no potions
a: no special abilities


You were on level 1 of the Dungeon.
You visited 1 branch of the dungeon, and saw 2 of its levels.

You collected 55 gold pieces.

Inventory:

Hand Weapons
 b - a +0 war axe (weapon)
 f - a +0 dagger
Missiles
 c - a throwing net
 i - 21 stones (quivered)
Armour
 e - a +0 plate armour
 g - a +0 leather armour (worn)
 j - a +0 helmet (worn)
Jewellery
 a - a +4 ring of evasion (left hand)
Scrolls
 d - 2 scrolls of identify {unknown}
 h - a scroll of silence {unknown}


   Skills:
 + Level 0.9 Fighting
 + Level 0.6 Armour
 - Level 1.5 Dodging
 - Level 1.5 Stealth
 + Level 3.1 Spellcasting
 * Level 4.3 Necromancy


You had 6 spell levels left.
You knew the following spells:

 Your Spells              Type           Power      Damage    Failure   Level
a - Pain                  Necr           56%        1d6       4%          1

Your spell library contained the following spells:

 Spells                   Type           Power      Damage    Failure   Level
 Animate Skeleton         Necr           28%        N/A       4%          1
 Vampiric Draining        Necr           14%        2d7       14%         3
 Animate Dead             Necr           7%         N/A       41%         4
 Agony                    Necr           14%        N/A       77%         5


Dungeon Overview and Level Annotations

Branches:
Dungeon (2/15)

Altars:

Annotations:
D:1 Robin


Innate Abilities, Weirdness & Mutations

You are immune to poison.
Your flesh is cold resistant. (rC+)
You are immune to negative energy. (rN+++)
You are immune to unholy pain and torment.
You are vulnerable to heat. (rF-)
You do not drink.


Message History

Press: ? - help, Q - select action, (/) - cycle Shift-Dir - straight line, f/p - goblin
Aim: a goblin, wielding a +0 club (moderately wounded, strong, 47% to hit)
You throw a stone. The stone hits the goblin.
The goblin is heavily wounded.
Casting: Pain (safe; 4% risk of failure)
Confirm with . or Enter, or press ? or * to list all spells.
Aiming: Pain (safe; 4% risk of failure)
Press: ? - help, Shift-Dir - straight line, f/p - goblin
Aim: a goblin, wielding a +0 club (heavily wounded, strong, chance to affect: 84%)
The goblin barely resists.
Robin throws the goblin at you! The goblin closely misses you.
The goblin misses you.
There is a stone staircase leading up here.
You barely miss the goblin.
The goblin is heavily wounded.
The goblin no longer looks unusually strong.
The goblin barely misses you. The goblin closely misses you. x2
You hit the goblin.
The goblin is severely wounded.
You hit the goblin.
You kill the goblin!
The goblin hits you but does no damage.
You barely miss Robin. You barely miss the goblin. The goblin misses you.
Robin throws the goblin at you!
A goblin comes into view. It is wielding a +0 club.
The goblin misses you.
Robin zaps a wand.
The puff of flame hits you! The fire burns you terribly!
Ouch! That really hurt!
* * * LOW HITPOINT WARNING * * *
A ball python comes into view.
The goblin hits you but does no damage. Robin barely misses you.
You climb upwards.
There is a stone staircase leading down here.
You closely miss the goblin.
The goblin is severely wounded.
You hit Robin but do no damage. The goblin closely misses you.
Robin says, "Bow before me, strongest of all the hobgoblins!"
Robin zaps a wand.
The puff of flame hits you! The fire burns you terribly!
Ouch! That really hurt!
You die...

#######........#####.
#....................
#.#####.############)
#.# #.# ##. #.# #.# #..
#.#####)# #.. #.##..÷.#
#.. #######.##g#### #..
#.......##@# #..
#.########g############
#.. #.# #............#
#.# #.# ############.#
#.# #.# #.# #.# #.# #.#
#.#
#.###################.#
#.#
#.##..................#
#.#
#.##.#######.##.#######
#.#


You could see Robin and a goblin.

Vanquished Creatures
  An adder (D:2)
  A dart slug (D:1)
  2 endoplasms (D:1)
  2 goblins (D:2)
  3 kobolds (D:1)
  A ball python (D:1)
  4 bats
  A rat (D:1)
15 creatures vanquished.

Notes
Turn   | Place    | Note
-------+----------+-------------------------------------------
     0 | D:1      | tizbic2 the Mummy Necromancer began the quest for the Orb.
     0 | D:1      | Reached XP level 1. HP: 13/13 MP: 4/4
    75 | D:1      | Found a faded altar of an unknown god.
   438 | D:1      | Reached XP level 2. HP: 20/20 MP: 1/5
   954 | D:2      | Noticed Robin
   972 | D:1      | Killed from afar by Robin

Illustrated notes

Levels and vault maps discovered:
D:1:      mrwooster_arrival_arrow, layout_loops_ring,
          chequers_ecumenical_altar_island, minmay_liquid_box, hex_medium
D:2:      layout_rooms, uniq_robin

Skill      XL: |  1  2 |
---------------+-------+-----
Spellcasting   | 3 |  3.1
Fighting       | |  0.9
Armour         | |  0.6
Dodging        | |  1.5
Stealth        | |  1.5
Necromancy     | |  4.3

Action                   || total
-------------------------++-------
Melee: War axe           ||    22
       Punch             ||     1
Throw: Stone             ||     4
 Cast: Pain              ||    17
 Stab: Sleeping          ||     2
Armor: Leather armour    ||    17
       Robe              ||     1
Dodge: Dodged            ||    22
